[ AOE2 MATCH · #506264273 ]
UnrankedMongols vs Huns
Player's team · WIN
Rival team · LOSS
[ REPLAY ANALYSIS · EXTRACTED FROM THE RECORDED GAME ]
Feudal
8:32
Castle
—
Imperial
—
| APM avg | 49.9 |
| APM peak | 67 |
| eAPM avg | 20.1 |
| Villagers / military | 61 / 35 |
Focus
⚔️ 23.3% · 🌾 76.7%
Archer ×18 · Skirmisher ×13 · Militia ×4
Feudal
10:08
Castle
—
Imperial
—
| APM avg | 73.6 |
| APM peak | 103 |
| eAPM avg | 27.9 |
| Villagers / military | 42 / 34 |
Focus
⚔️ 37.4% · 🌾 62.6%
Archer ×26 · Militia ×4 · Skirmisher ×3 · Spearman ×1
Match map
Initial resources + every placement click. Lines = walls · curves = elevation contours. ◆ gold · ⬟ stone · ● berries · ✦ relic · ◌ wall gap
Your base· Open — unwalled flank
Pedro's base· Open — unwalled flank
Smoothed initial terrain · ◌ = detected wall gap · hover for details
Inputs per minute
— Marcusscus - - Pedro
Build order — Marcusscus
142 actions detected in the replay
| 0:02 | Queue | Villager (Male) |
| 0:02 | Queue | Villager (Male) |
| 0:02 | Queue | Villager (Male) |
| 0:04 | Build | House |
| 0:05 | Build | House |
| 0:19 | Queue | Villager (Male) |
| 0:19 | Queue | Villager (Male) |
| 1:47 | Queue | Villager (Male) |
| 1:47 | Queue | Villager (Male) |
| 1:57 | Queue | Villager (Male) |
| 1:57 | Queue | Villager (Male) |
| 1:57 | Queue | Villager (Male) |
| 2:18 | Build | Lumber Camp |
| 2:31 | Queue | Villager (Male) |
| 2:31 | Queue | Villager (Male) |
| 2:41 | Queue | Villager (Male) |
| 2:41 | Queue | Villager (Male) |
| 2:41 | Queue | Villager (Male) |
| 2:58 | Queue | Villager (Male) |
| 2:59 | Queue | Villager (Male) |
| 2:59 | Queue | Villager (Male) |
| 3:12 | Queue | Villager (Male) |
| 3:13 | Queue | Villager (Male) |
| 3:34 | Build | House |
| 3:38 | Queue | Villager (Male) |
| 3:38 | Queue | Villager (Male) |
| 3:45 | Queue | Villager (Male) |
| 3:45 | Queue | Villager (Male) |
| 4:13 | Queue | Villager (Male) |
| 4:34 | Queue | Villager (Male) |
| 5:46 | Build | Barracks |
| 6:11 | Build | House |
| 6:20 | Research | Feudal Age |
| 6:34 | Queue | Militia |
| 6:53 | Build | House |
| 7:00 | Queue | Militia |
| 7:00 | Queue | Militia |
| 7:26 | Build | Mining Camp |
| 7:29 | Build | House |
| 7:43 | Queue | Militia |
| 8:32 | Age | Feudal Age |
| 8:34 | Research | Loom |
| 8:47 | Queue | Villager (Male) |
| 8:51 | Research | Man-at-Arms (upgrade) |
| 9:12 | Queue | Villager (Male) |
| 9:33 | Build | Archery Range |
| 9:35 | Queue | Villager (Male) |
| 10:03 | Queue | Villager (Male) |
| 10:10 | Build | Mill |
| 10:30 | Queue | Archer |
| 10:30 | Queue | Archer |
| 10:53 | Queue | Archer |
| 10:53 | Queue | Archer |
| 10:55 | Queue | Villager (Male) |
| 11:14 | Queue | Villager (Male) |
| 11:20 | Queue | Villager (Male) |
| 11:45 | Build | Blacksmith |
| 11:50 | Build | House |
| 11:52 | Queue | Villager (Male) |
| 11:54 | Queue | Archer |
| 12:19 | Build | House |
| 12:19 | Build | House |
| 12:22 | Queue | Villager (Male) |
| 12:37 | Research | Fletching |
| 12:42 | Build | Archery Range |
| 12:43 | Queue | Villager (Male) |
| 12:43 | Queue | Villager (Male) |
| 13:12 | Queue | Archer |
| 13:18 | Build | Farm |
| 13:18 | Build | Farm |
| 13:18 | Build | Farm |
| 13:19 | Build | Farm |
| 13:24 | Queue | Archer |
| 13:24 | Queue | Archer |
| 13:31 | Queue | Archer |
| 13:41 | Build | House |
| 13:46 | Build | Palisade Wall |
| 14:06 | Queue | Villager (Male) |
| 14:06 | Queue | Villager (Male) |
| 14:13 | Build | Farm |
| 14:18 | Queue | Villager (Male) |
| 14:20 | Queue | Archer |
| 14:20 | Queue | Archer |
| 14:20 | Queue | Archer |
| 14:27 | Research | Padded Archer Armor |
| 14:32 | Build | House |
| 14:34 | Queue | Villager (Male) |
| 14:34 | Queue | Villager (Male) |
| 14:36 | Queue | Archer |
| 14:36 | Queue | Archer |
| 14:56 | Queue | Villager (Male) |
| 14:57 | Queue | Villager (Male) |
| 14:59 | Build | Farm |
| 15:00 | Queue | Villager (Male) |
| 15:03 | Queue | Skirmisher |
| 15:03 | Queue | Skirmisher |
| 15:17 | Queue | Villager (Male) |
| 15:17 | Queue | Villager (Male) |
| 15:27 | Build | Watch Tower |
| 15:36 | Queue | Villager (Male) |
| 16:02 | Build | Lumber Camp |
| 16:09 | Queue | Archer |
| 16:15 | Queue | Archer |
| 16:15 | Queue | Archer |
| 16:15 | Queue | Archer |
| 16:16 | Queue | Villager (Male) |
| 16:22 | Queue | Villager (Male) |
| 16:22 | Queue | Villager (Male) |
| 16:24 | Build | House |
| 16:41 | Queue | Skirmisher |
| 17:04 | Build | Farm |
| 17:09 | Build | Farm |
| 17:18 | Queue | Villager (Male) |
| 17:18 | Queue | Villager (Male) |
| 17:22 | Queue | Skirmisher |
| 17:25 | Queue | Villager (Male) |
| 17:42 | Build | House |
| 17:43 | Queue | Villager (Male) |
| 17:48 | Build | Farm |
| 17:48 | Build | Farm |
| 17:49 | Build | Farm |
| 17:49 | Build | Farm |
| 17:49 | Build | Farm |
| 17:49 | Build | Farm |
| 17:56 | Queue | Skirmisher |
| 17:57 | Queue | Skirmisher |
| 18:01 | Queue | Villager (Male) |
| 18:25 | Queue | Skirmisher |
| 18:25 | Queue | Skirmisher |
| 18:25 | Queue | Skirmisher |
| 18:37 | Build | Farm |
| 18:39 | Build | Farm |
| 18:43 | Queue | Skirmisher |
| 18:43 | Queue | Skirmisher |
| 19:02 | Queue | Skirmisher |
| 19:02 | Queue | Skirmisher |
| 19:11 | Build | House |
| 19:20 | Queue | Villager (Male) |
| 19:20 | Queue | Villager (Male) |
| 19:30 | Queue | Villager (Male) |
| 19:30 | Queue | Villager (Male) |
| 19:36 | Queue | Villager (Male) |
Build order — Pedro
115 actions detected in the replay
| 0:01 | Queue | Villager (Male) |
| 0:01 | Queue | Villager (Male) |
| 0:01 | Queue | Villager (Male) |
| 0:01 | Queue | Villager (Male) |
| 1:21 | Queue | Villager (Male) |
| 1:42 | Queue | Villager (Male) |
| 1:51 | Build | Lumber Camp |
| 2:16 | Queue | Villager (Male) |
| 2:45 | Queue | Villager (Male) |
| 2:47 | Queue | Villager (Male) |
| 3:31 | Queue | Villager (Male) |
| 3:49 | Queue | Villager (Male) |
| 4:12 | Queue | Villager (Male) |
| 4:44 | Queue | Villager (Male) |
| 5:07 | Build | Barracks |
| 5:10 | Queue | Villager (Male) |
| 5:40 | Queue | Villager (Male) |
| 5:48 | Queue | Villager (Male) |
| 6:01 | Queue | Militia |
| 6:01 | Queue | Militia |
| 6:11 | Queue | Villager (Male) |
| 6:19 | Build | Mill |
| 6:22 | Queue | Villager (Male) |
| 6:25 | Queue | Militia |
| 6:31 | Queue | Villager (Male) |
| 6:33 | Queue | Villager (Male) |
| 6:39 | Queue | Militia |
| 6:53 | Queue | Villager (Male) |
| 6:57 | Research | Loom |
| 7:02 | Queue | Villager (Male) |
| 7:58 | Research | Feudal Age |
| 8:08 | Build | Lumber Camp |
| 8:31 | Build | Mining Camp |
| 8:39 | Queue | Villager (Male) |
| 9:27 | Build | Palisade Wall |
| 9:28 | Build | Palisade Wall |
| 9:30 | Build | Palisade Wall |
| 10:02 | Queue | Villager (Male) |
| 10:08 | Age | Feudal Age |
| 10:12 | Build | Archery Range |
| 10:21 | Queue | Spearman |
| 10:23 | Queue | Villager (Male) |
| 10:53 | Queue | Archer |
| 10:53 | Queue | Archer |
| 10:56 | Build | Palisade Wall |
| 10:58 | Build | Palisade Wall |
| 10:59 | Build | Palisade Wall |
| 11:01 | Build | Palisade Wall |
| 11:03 | Build | Palisade Wall |
| 11:05 | Build | Palisade Wall |
| 11:21 | Queue | Villager (Male) |
| 11:39 | Queue | Archer |
| 11:39 | Queue | Villager (Male) |
| 11:48 | Build | Archery Range |
| 12:21 | Queue | Skirmisher |
| 12:26 | Build | Blacksmith |
| 12:30 | Build | Farm |
| 12:39 | Build | Watch Tower |
| 13:08 | Queue | Skirmisher |
| 13:21 | Queue | Archer |
| 13:21 | Queue | Archer |
| 13:21 | Queue | Archer |
| 13:31 | Queue | Archer |
| 13:37 | Queue | Archer |
| 13:39 | Build | Farm |
| 14:17 | Research | Fletching |
| 14:21 | Queue | Archer |
| 14:22 | Queue | Archer |
| 14:33 | Queue | Archer |
| 14:33 | Queue | Archer |
| 14:51 | Build | Farm |
| 14:53 | Build | Farm |
| 15:05 | Queue | Villager (Male) |
| 15:06 | Queue | Archer |
| 15:06 | Queue | Archer |
| 15:18 | Queue | Archer |
| 15:23 | Build | Farm |
| 15:31 | Queue | Villager (Male) |
| 15:45 | Queue | Skirmisher |
| 15:45 | Queue | Archer |
| 15:46 | Queue | Archer |
| 16:07 | Queue | Villager (Male) |
| 16:09 | Build | Farm |
| 16:24 | Queue | Villager (Male) |
| 16:27 | Queue | Villager (Male) |
| 16:46 | Build | Farm |
| 16:52 | Build | Farm |
| 16:57 | Queue | Villager (Male) |
| 17:12 | Queue | Archer |
| 17:13 | Queue | Villager (Male) |
| 17:23 | Queue | Archer |
| 17:23 | Queue | Archer |
| 17:23 | Queue | Villager (Male) |
| 17:32 | Research | Double-Bit Axe |
| 17:33 | Queue | Villager (Male) |
| 17:36 | Queue | Archer |
| 17:36 | Queue | Archer |
| 17:46 | Queue | Villager (Male) |
| 17:49 | Build | Farm |
| 17:51 | Build | Farm |
| 18:10 | Build | Farm |
| 18:18 | Queue | Archer |
| 18:18 | Queue | Villager (Male) |
| 18:30 | Research | Padded Archer Armor |
| 18:30 | Research | Padded Archer Armor |
| 18:31 | Queue | Archer |
| 18:32 | Queue | Archer |
| 18:41 | Build | Farm |
| 18:51 | Queue | Villager (Male) |
| 18:51 | Queue | Villager (Male) |
| 18:55 | Queue | Villager (Male) |
| 19:06 | Build | Mining Camp |
| 19:19 | Queue | Archer |
| 19:20 | Queue | Villager (Male) |
| 19:36 | Build | Farm |
Match timeline
| 5:07 | Pedro · first_building Barracks |
| 5:46 | Marcusscus · first_building Barracks |
| 8:32 | Marcusscus · age_up feudal |
| 9:27 | Pedro · wall_segment Palisade Wall x1 |
| 9:28 | Pedro · wall_segment Palisade Wall x1 |
| 9:30 | Pedro · wall_segment Palisade Wall x1 |
| 9:33 | Marcusscus · first_building Archery Range |
| 10:08 | Pedro · age_up feudal |
| 10:12 | Pedro · first_building Archery Range |
| 10:56 | Pedro · wall_segment Palisade Wall x1 |
| 10:58 | Pedro · wall_segment Palisade Wall x1 |
| 10:59 | Pedro · wall_segment Palisade Wall x1 |
| 11:01 | Pedro · wall_segment Palisade Wall x1 |
| 11:03 | Pedro · wall_segment Palisade Wall x1 |
| 11:05 | Pedro · wall_segment Palisade Wall x1 |
| 13:46 | Marcusscus · wall_segment Palisade Wall x14 |
| 19:45 | Pedro · resign |
[ AI ANALYSIS · 1 CREDIT ]
What really happened in this match?
Wolo.gg analyzes every decision: build order, eco, micro, common mistakes by bracket. Personalized analysis on WhatsApp or Discord in 30 seconds.
Civ guide
Mongols
Perfil
Marcusscus